 Dungeon Crawl Stone Soup version 0.24-a0-433-gbe6fa4f (webtiles) character file.

Game seed: 12867535212863169330

4121 silenth the Basher (level 10, -17/81 (82) HPs)
             Began as a Human Berserker on June 15, 2019.
             Was an Elder of Trog.
             Demolished by a red ugly thing (21 damage)
             ... on level 8 of the Dungeon.
             The game lasted 00:11:33 (9953 turns).

silenth the Basher (Human Berserker)                Turns: 9953, Time: 00:11:34

HP:   -17/81 (82)   AC:  8    Str: 17    XL:     10   Next: 51%
MP:   10/10         EV:  8    Int:  8    God:    Trog [****..]
Gold: 1118          SH: 13    Dex: 21    Spells: 9/9 levels left

rFire    . . .     SeeInvis .   a - +0 morningstar (flame)
rCold    . . .     Gourm    .   u - +0 large shield
rNeg     . . .     Faith    .   O - +0 ring mail of Optimism {rCorr}
rPois    +         Spirit   .   (no helmet)
rElec    .         Reflect  .   A - +2 cloak
rCorr    +         Harm     .   (no gloves)
MR       ++...                  (no boots)
Stlth    +.........             y - amulet of magic regeneration
HPRegen  1.23/turn              l - ring of poison resistance
MPRegen  0.37/turn              v - +5 ring of dexterity

@: regenerating, studying Long Blades
A: no striking features
a: Berserk, Trog's Hand, Brothers in Arms, Renounce Religion


You were on level 8 of the Dungeon.
You worshipped Trog.
Trog was greatly pleased with you.
You were not hungry.

You visited 1 branch of the dungeon, and saw 8 of its levels.
You also visited: Sewer and Ossuary.

You collected 1118 gold pieces.

Inventory:

Hand Weapons
 a - a +0 morningstar of flaming (weapon)
 D - a +1 mace
Missiles
 c - 26 boomerangs (quivered)
 x - 18 poisoned darts
 B - 10 curare-tipped darts
Armour
 u - a +0 large shield (worn)
 A - a +2 cloak (worn)
 C - a +0 chain mail
 E - a +0 scale mail
 O - the +0 ring mail of Optimism (worn) {rCorr}
   (You found it on level 8 of the Dungeon)

   It provides partial protection from all sources of acid and corrosion.
Jewellery
 b - an uncursed ring of flight
 l - a ring of poison resistance (left hand)
 t - an uncursed ring of magical power
 v - a +5 ring of dexterity (right hand)
 y - an amulet of magic regeneration (around neck)
 z - an uncursed ring of protection from fire
 K - an uncursed ring of ice
Wands
 j - a wand of acid (3)
 w - a wand of polymorph (8)
 G - a wand of flame (37)
Scrolls
 d - 2 scrolls of immolation
 f - a scroll of fear
 i - a scroll of teleportation
 r - 4 scrolls of remove curse
Potions
 g - 7 potions of heal wounds
 h - 5 potions of curing {unknown}
 k - 3 potions of lignification
 m - a potion of cancellation {unknown}
 n - a potion of resistance
 o - 2 potions of berserk rage
 p - 2 potions of haste
 q - 2 potions of brilliance {unknown}
 s - 3 potions of agility
 F - 3 potions of flight
 I - a potion of mutation
 J - 2 potions of degeneration {unknown}
 L - a potion of might
 M - 2 potions of invisibility {unknown}
Books
 H - a manual of Long Blades
Comestibles
 e - 18 rations


   Skills:
 + Level 8.5 Fighting
 * Level 11.4 Maces & Flails
 + Level 1.2 Throwing
 + Level 3.2 Armour
 + Level 3.2 Dodging
 + Level 2.4 Shields


You had 9 spell levels left.
You didn't know any spells.
Your spell library was empty.

Dungeon Overview and Level Annotations

Branches:
Dungeon (8/15)             Temple (0/1) D:6
   Lair: D:8-11

Altars:
Ashenzari
Cheibriados
Dithmenos
Fedhas
Kikubaaqudgha
Makhleb
Okawaru
Qazlal
Sif Muna
Trog
Uskayaw
Vehumet
Xom
Beogh

Annotations:
D:4 1 runed translucent door, Pooter's ghost, amateur TrHu
D:5 3 runed translucent doors, toni2068's ghost, amateur KoFi


Message History

No target in view!
A worker ant and an ugly thing come into view.
The worker ant twitches its antennae in your direction.
The red ugly thing gurgles horribly!
Found a quarterstaff.
Found a hide-covered altar of Uskayaw.
There are monsters nearby!
There are monsters nearby!
You closely miss the red ugly thing. The red ugly thing tentacle-slaps you!
You are engulfed in flames!
You sock the red ugly thing! You burn the red ugly thing.
The red ugly thing is lightly wounded.
The red ugly thing tentacle-slaps you.
You are engulfed in flames!!
The red ugly thing tentacle-slaps you!
You are engulfed in flames!!
* * * LOW HITPOINT WARNING * * *
Your skin crawls.
You feel resistant to hostile enchantments.
You feel somewhat more hungry. The red ugly thing tentacle-slaps you.
* * * LOW HITPOINT WARNING * * *
You are engulfed in flames!!
You die...

#### ######## ## ..#
#......# .. #.#
#.####.# #.#.
#.####.####.#
#....###.@.......#.###
#...au####.##.<...#
####.## #.####.#.#
#..# #......#.# .....
########.# .8l8.8.#
##.## ..........
##...## #...........
#.....## >.▒.!.......
#......#


You could see a red ugly thing and a worker ant.

Vanquished Creatures
  2 hippogriffs
  Sigmund (D:6)
  Menkaure (D:4)
  A sky beast (D:6)
  3 ice beasts
  Purgy (Sewer)
  2 orc warriors
  A necrophage (D:5)
  2 ogres (D:5)
  3 phantoms
  The ghost of McGhostyFace the Magician, an amateur GnWn (D:3)
  2 centaurs
  A big kobold (D:8)
  A bullfrog (D:6)
  3 scorpions (D:5)
  8 killer bees
  2 howler monkeys (D:6)
  8 jellies
  2 crimson imps
  A bullfrog zombie (D:8)
  2 orc priests (D:5)
  5 hounds
  5 orc wizards
  2 iguanas
  7 worker ants
  Natasha (thrice) (D:3)
  A hound skeleton (D:8)
  8 mummies (Ossuary)
  4 adders
  4 gnolls (D:6)
  A howler monkey skeleton (D:7)
  5 oozes (D:8)
  An adder skeleton (D:5)
  5 worms
  3 dart slugs (D:1)
  4 leopard geckos
  24 orcs
  5 bats
  11 giant cockroaches
  2 gnoll zombies (Ossuary)
  12 goblins
  9 hobgoblins
  9 jackals
  5 quokkas
  A ball python (D:2)
  2 frilled lizards
  2 hobgoblin zombies (Ossuary)
  16 kobolds
  3 kobold zombies (Ossuary)
  An orc zombie (Ossuary)
  2 quokka zombies
  8 rats
218 creatures vanquished.

Notes
Turn   | Place    | Note
-------+----------+-------------------------------------------
     0 | D:1      | silenth the Human Berserker began the quest for the Orb.
     0 | D:1      | Reached XP level 1. HP: 18/18 MP: 1/1
   196 | D:1      | Reached XP level 2. HP: 20/24 MP: 2/2
   392 | D:1      | Reached XP level 3. HP: 26/29 MP: 3/3
   710 | D:1      | Reached ** piety under Trog
   768 | D:1      | Reached skill level 4 in Maces & Flails
  1139 | D:2      | Reached XP level 4. HP: 28/35 MP: 4/4
  1303 | D:2      | Reached XP level 5. HP: 21/42 MP: 5/5
  2113 | D:3      | Noticed Natasha
  2127 | D:3      | Killed Natasha
  2127 | D:3      | Reached skill level 4 in Fighting
  2127 | D:3      | Reached skill level 5 in Maces & Flails
  2128 | D:3      | Found a runed translucent door.
  2132 | D:3      | Noticed McGhostyFace's ghost (amateur GnWn)
  2171 | D:3      | Killed McGhostyFace's ghost
  2171 | D:3      | Reached XP level 6. HP: 20/49 MP: 6/6
  2184 | D:3      | Noticed Natasha
  2192 | D:3      | Killed Natasha
  2441 | D:3      | Noticed Natasha
  2457 | D:3      | Killed Natasha
  2623 | D:3      | Found an iron altar of Okawaru.
  3096 | D:3      | Reached skill level 6 in Maces & Flails
  3460 | D:4      | Found a glowing drain.
  3464 | Sewer    | Entered a sewer
  3473 | Sewer    | Reached *** piety under Trog
  3557 | Sewer    | Noticed Purgy
  3563 | Sewer    | Killed Purgy
  3563 | Sewer    | Reached XP level 7. HP: 55/55 MP: 7/7
  3713 | D:4      | Found a runed translucent door.
  3714 | D:4      | Noticed Pooter's ghost (amateur TrHu)
  3784 | D:4      | Noticed Menkaure
  3791 | D:4      | Killed Menkaure
  3791 | D:4      | Reached skill level 5 in Fighting
  3798 | D:4      | Found a shattered altar of Ashenzari.
  4282 | D:5      | Entered Level 5 of the Dungeon
  4292 | D:5      | Reached skill level 7 in Maces & Flails
  4635 | D:5      | Found a stormy altar of Qazlal.
  4752 | D:5      | Reached XP level 8. HP: 56/63 MP: 8/8
  5039 | D:5      | Reached skill level 8 in Maces & Flails
  5043 | D:5      | Reached skill level 6 in Fighting
  5855 | D:5      | Reached skill level 9 in Maces & Flails
  5855 | D:5      | Reached XP level 9. HP: 70/70 MP: 9/9
  6008 | D:5      | Found a runed translucent gate.
  6009 | D:5      | Found a runed translucent gate.
  6010 | D:5      | Noticed toni2068's ghost (amateur KoFi)
  6012 | D:5      | Found a runed translucent gate.
  6015 | D:5      | Found a roughly hewn altar of Beogh.
  6164 | D:6      | Reached **** piety under Trog
  6190 | D:6      | Reached skill level 7 in Fighting
  6835 | D:6      | Reached skill level 10 in Maces & Flails
  7070 | D:6      | Found a staircase to the Ecumenical Temple.
  7147 | D:6      | Found a hide-covered altar of Uskayaw.
  7149 | D:6      | Found a shimmering altar of Xom.
  7149 | D:6      | Found a shimmering altar of Xom.
  7151 | D:6      | Found a radiant altar of Vehumet.
  7151 | D:6      | Found an ancient bone altar of Kikubaaqudgha.
  7151 | D:6      | Found a shadowy altar of Dithmenos.
  7172 | D:6      | Noticed Sigmund
  7179 | D:6      | Killed Sigmund
  7681 | D:7      | Noticed a hippogriff
  7686 | D:7      | Killed a hippogriff
  7719 | D:7      | Reached skill level 8 in Fighting
  7805 | D:7      | Found a sand-covered staircase.
  7834 | D:7      | Found a blossoming altar of Fedhas.
  7853 | Ossuary  | Entered an ossuary
  7896 | Ossuary  | Reached XP level 10. HP: 44/79 MP: 10/10
  8305 | D:7      | Reached skill level 11 in Maces & Flails
  8638 | D:7      | Found an ancient bone altar of Kikubaaqudgha.
  8677 | D:7      | Found a deep blue altar of Sif Muna.
  8677 | D:7      | Found a burning altar of Makhleb.
  8709 | D:7      | Reached skill level 1 in Shields
  9341 | D:8      | Received a gift from Trog
  9470 | D:8      | Reached skill level 2 in Shields
  9478 | D:8      | Got a shimmering ring mail
  9497 | D:8      | Identified the cursed +0 ring mail of Optimism {rCorr} (You
                  | found it on level 8 of the Dungeon)
  9605 | D:8      | Reached skill level 3 in Dodging
  9672 | D:8      | Reached skill level 3 in Armour
  9706 | D:8      | Found a bloodstained altar of Trog.
  9731 | D:8      | Reached skill level 1 in Throwing
  9743 | D:8      | Found a snail-covered altar of Cheibriados.
  9865 | D:8      | Found a radiant altar of Vehumet.
  9948 | D:8      | Found a hide-covered altar of Uskayaw.
  9948 | D:8      | Noticed a red ugly thing
  9952 | D:8      | HP: 3/81 [red ugly thing (22)]
  9953 | D:8      | Demolished by a red ugly thing

Levels and vault maps discovered:
D:1:      scummos_arrival_hexagon, layout_rooms
D:2:      layout_basic, hangedman_decor_opposing, minmay_vboxes
D:3:      layout_loops_ring, marbit_many_paths, ebering_ghost_sewer_d,
          uniq_natasha
D:4:      layout_loops_ring, ashenzari_altar_1, ebering_ghost_reflecting_pool,
          gup_sewer_entry_bowl, uniq_menkaure
D:5:      minmay_polygon_palace, layout_gridville,
          nicolae_qazlal_general_emergency, biasface_ghost_orc_armoury,
          first_ration, serial_rivers, chequers_serial_rivers_small_a,
          chequers_serial_rivers_micro_a, chequers_serial_rivers_micro_d,
          chequers_serial_rivers_marsh
D:6:      layout_gridville, doesnt_xom_only_xom,
          minmay_temple_entry_sparse_star, minmay_stone_trees_large,
          minmay_manual_moon, uniq_sigmund
D:7:      layout_basic, kiku_gazebo_garden_becter, fedhas_altar_1,
          gammafunk_temple_overflow_wave, lightli_ossuary_entry_decrepit_ruins
D:8:      layout_loops_cross, old_standard_altar,
          eat_drink_and_be_merry_uskayaw, grunt_temple_overflow_open,
          hangedman_little_slice_of_home

Skill      XL: |  1  2  3  4  5  6  7  8  9 10 |
---------------+-------------------------------+-----
Maces & Flails | 4 5 6 7 9 10 11 | 11.4
Fighting       | 4 5 6 8 |  8.5
Shields        | 2 |  2.4
Dodging        | 3 |  3.2
Armour         | 3 |  3.2
Throwing       | 1 |  1.2

Action                   |  1- 3 |  4- 6 |  7- 9 | 10-12 || total
-------------------------+-------+-------+-------+-------++-------
Melee: Mace              |   111 |   201 |    32 |       ||   344
       Morningstar       |       |       |   257 |   184 ||   441
Throw: Boomerang         |     1 |       |     1 |       ||     2
Invok: Berserk           |       |     4 |     4 |     2 ||    10
       Trog's Hand       |       |     1 |     1 |     3 ||     5
  Use: Potion            |       |     1 |       |       ||     1
       Scroll            |       |     7 |     7 |     4 ||    18
 Stab: Sleeping          |       |       |     2 |     1 ||     3
  Eat: Chunk             |     1 |     8 |     8 |     3 ||    20
       Ration            |       |     1 |     4 |     1 ||     6
Armor: Animal skin       |     1 |       |       |       ||     1
       Ring mail         |    33 |    43 |    64 |    47 ||   187
Dodge: Dodged            |    64 |    76 |    63 |    64 ||   267
Block: Large shield      |       |    90 |   163 |   125 ||   378

Table legend:
 A = Non-vault XP
 B = Vault XP
 C = Vault XP percentage of total XP
 D = Non-vault monster count
 E = Vault monster count
 F = Vault count percentage of total count
                 A         B        C        D         E       F
            +---------+---------+-------+---------+---------+-------
      Total |    3586 |    2302 |  39.1 |     151 |      67 |  30.7
            +---------+---------+-------+---------+---------+-------
        D:1 |      53 |       0 |   0.0 |      27 |       0 |   0.0
        D:2 |      45 |      61 |  57.5 |      17 |       7 |  29.2
        D:3 |     119 |     165 |  58.1 |      17 |       4 |  19.0
        D:4 |      17 |     176 |  91.2 |       7 |       5 |  41.7
        D:5 |     426 |     966 |  69.4 |      16 |      17 |  51.5
        D:6 |     719 |     477 |  39.9 |      21 |       4 |  16.0
        D:7 |     976 |       0 |   0.0 |      20 |       0 |   0.0
        D:8 |    1231 |     163 |  11.7 |      26 |       8 |  23.5
      Sewer |       0 |     141 | 100.0 |       0 |       6 | 100.0
    Ossuary |       0 |     153 | 100.0 |       0 |      16 | 100.0
            +---------+---------+-------+---------+---------+-------
